 Dungeon Crawl Stone Soup version 0.27-a0-334-g52645efa06 (webtiles) character file.

Game seed: 2879435939512279597

1476 inc the Transmogrifier (level 8, -3/34 HPs)
             Began as a Felid Chaos Knight on Feb 13, 2021.
             Was a Plaything of Xom.
             Slain by a wyvern (4 damage)
             ... on level 9 of the Dungeon.
             The game lasted 00:21:45 (11245 turns).

inc the Transmogrifier (Felid Chaos Knight)        Turns: 11245, Time: 00:21:46

Health: -3/34      AC:  2    Str: 12    XL:     8   Next: 49%
Magic:  8/9        EV: 30    Int: 21    God:    Xom [.*....]
Gold:   462        SH:  0    Dex: 22    Spells: 2/7 levels left
                                        Lives:  0   Deaths: 2

rFire    . . .     SeeInvis +     - Unarmed
rCold    . . .     Faith    .   (shield unavailable)
rNeg     . . .     Spirit   .   (armour unavailable)
rPois    x         Reflect  .   (helmet unavailable)
rElec    .         Harm     .   (cloak unavailable)
rCorr    .         Rampage  .   (gloves unavailable)
Will     +....     Clarity  +   (boots unavailable)
Stlth    +++.......             m - amulet of the acrobat
HPRegen  0.00/turn              l - +4 ring of evasion
MPRegen  0.11/turn              w - +6 ring of intelligence

@: spider-form, petrifying, acrobat, very slow
A: tiny, no armour, no weapons or thrown items, stealth, thin skeletal structure
1, see invisible, clarity, dopey 1, inhibited regeneration, strong 2
a: End Transformation, Renounce Religion


You were on level 9 of the Dungeon.
You worshipped Xom.
You were a plaything of Xom.
You were a venomous arachnid creature.
You visited 1 branch of the dungeon, and saw 9 of its levels.
You also visited: Bailey.

You collected 462 gold pieces.

Inventory:

Jewellery
 c - a +6 ring of dexterity
 h - a ring of positive energy
 j - a ring of resist corrosion
 l - a +4 ring of evasion (left front leg)
 m - an amulet of the acrobat (around neck)
 w - a +6 ring of intelligence (right front leg)
 x - a +6 ring of strength
 z - a ring of protection from cold
 C - a ring of poison resistance
Wands
 v - a wand of flame (25)
Scrolls
 a - 2 scrolls of magic mapping
 b - 2 scrolls of fog
 d - 5 scrolls of teleportation
 g - 3 scrolls of enchant armour
 o - a scroll of fear {unknown}
 q - 2 scrolls of enchant weapon
 r - a scroll of amnesia
 s - 2 scrolls of immolation
 u - a scroll of random uselessness
 y - a scroll of noise {unknown}
Potions
 e - 2 potions of attraction
 i - 2 potions of curing
 k - 2 potions of degeneration
 p - a potion of lignification
 t - a potion of heal wounds
 A - a potion of haste {unknown}
 B - 2 potions of might {unknown}
 D - a potion of flight {unknown}
Miscellaneous
 n - a box of beasts


   Skills:
 - Level 3.0 Fighting
 - Level 3.2 Dodging
 - Level 7.6 Unarmed Combat
 - Level 4.7 Conjurations
 + Level 9.8 Transmutations


You had 2 spell levels left.
You knew the following spells:

 Your Spells              Type           Power        Failure   Level
a - Searing Ray           Conj           38%          13%         2
b - Spider Form           Tmut/Pois      10%          21%         3

Your spell library contained the following spells:

 Spells                   Type           Power        Failure   Level
 Beastly Appendage        Tmut           82%          2%          1
 Wereblood                Tmut           41%          3%          2
 Magic Dart               Conj           76%          10%         1
 Animate Skeleton         Necr           0%           38%         1
 Apportation              Tloc           0%           38%         1
 Corona                   Hex            0%           38%         1
 Summon Small Mammal      Summ           0%           38%         1
 Blade Hands              Tmut           20%          22%         5
 Dazzling Flash           Conj/Hex       18%          41%         3
 Ice Form                 Ice/Tmut       20%          45%         4
 Fulminant Prism          Conj/Hex       4%           77%         4
 Iskenderun's Mystic Bla  Conj/Tloc      9%           77%         4


Dungeon Overview and Level Annotations

Branches:
Dungeon (9/15)             Temple (0/1) D:7            Lair (0/6) D:9
 Bailey (visited)
    Orc: D:9-12

Altars:
Ashenzari
Dithmenos
Elyvilon
Gozag
Kikubaaqudgha
Makhleb
Okawaru
Qazlal
Trog
Wu Jian
Xom

Annotations:
D:5 1 runed translucent door, psellion's ghost, amateur DrIE
D:7 Harold


Innate Abilities, Weirdness & Mutations

You cannot wear armour.
You are incapable of wielding weapons or throwing items.
Your paws allow you to move quietly. (Stealth)
((You have sharp claws.))
((You have razor-sharp teeth.))
You have supernaturally acute eyesight. (SInv)
((You cover ground quickly.))
((You are covered in thick fur. (AC +2)))
((Your sharp claws are effective at attacking unaware monsters.))
((You are partially covered in molten scales. (AC +2)))
You have a somewhat thin skeletal structure. (Dex +2, Stealth)
You possess an exceptional clarity of mind.
You are dopey. (Int -2)
You do not regenerate when monsters are visible.
Your muscles are very strong. (Str +4)


Message History

You bite the black bear!
The black bear is poisoned.
The black bear is heavily wounded.
The elephant misses you. x2; The black bear closely misses you.
The black bear barely misses you. The black bear misses you.
You bite the black bear!
The black bear looks as sick as possible!
The black bear is almost dead.
The elephant tramples you.
You hold your ground!
The elephant completely misses you. The black bear closely misses you.
The black bear completely misses you. The black bear misses you.
You hit the black bear.
You kill the black bear!
The elephant tramples you!
* * * LOW HITPOINT WARNING * * *
You hold your ground!
The elephant trunk-slaps you.
* * * LOW HITPOINT WARNING * * *
You are too injured to fight recklessly!
Unknown command.
The basilisk completely misses you.
You see here a black bear corpse.
The basilisk gazes at you.
You easily resist.
The wyvern completely misses you. The wyvern misses you.
You see here a giant club.
The wyvern bites you!
You die... "Hey, things were just getting interesting!"
Xom revives you! The wyvern barely misses you.
Xom gives a demonstration of destructive might.
The basilisk is outlined in light.
The wyvern closely misses you.
The wyvern hisses menacingly.
The wyvern completely misses you. The basilisk gazes at you.
You are slowing down.
Unknown command.
Unknown command.
The wyvern bites you!
You die...
Xom chortles!

.....##..............#
....##...............#
#.####....>.(........#
#.# #.........#.##### #.#
#.........#.# #.#
#.........#.## ####
#.#####.....<....<##...#
.....#............[.....#
.....#..........s........
................l≈≈≈≈≈≈≈.
.................≈#####≈.
.....#..........)≈#...# .
#######....Yl.#..≈#.∩.# #
# ##.....###.≈#...# .# #
###..## #.≈##.##≈.#
##..## #.≈≈≈≈≈≈≈.#
#....###..)).....#


You could see an elephant, a basilisk (corona) and a wyvern.

Vanquished Creatures
  A salamander (shapeshifter) (Bailey)
  A wyvern (D:4)
  A water moccasin (D:6)
  An orc warrior (Bailey)
  A sky beast (D:7)
  2 black bears
  A necrophage (D:4)
  A boggart (D:5)
  2 centaurs (D:6)
  2 bullfrogs
  A wyvern skeleton (D:7)
  4 scorpions
  A howler monkey (D:5)
  5 wights (D:7)
  A bullfrog zombie (D:7)
  An orc priest (D:3)
  A bullfrog skeleton (D:4)
  2 orc wizards
  An iguana (D:6)
  3 worker ants
  A hound skeleton (D:7)
  A worker ant zombie (D:7)
  A howler monkey skeleton (D:4)
  8 adders
  2 shadow imps (D:7)
  3 white imps
  An ufetubus (D:6)
  2 oozes
  2 worms
  2 dart slugs
  6 leopard geckos
  17 orcs
  6 giant cockroaches
  11 goblins
  10 hobgoblins
  14 jackals
  3 quokkas
  3 ball pythons
  7 bats
  3 frilled lizards
  9 kobolds
  A leopard gecko skeleton (D:4)
  A quokka zombie (D:8)
  14 rats
161 creatures vanquished.

Vanquished Creatures (collateral kills)
  An ogre (D:6)
1 creature vanquished.

Vanquished Creatures (others)
  A golden eye (shapeshifter) (D:2)
  An adder (D:2)
  3 plants (D:1)
5 creatures vanquished.

Grand Total: 167 creatures vanquished

Notes
Turn   | Place    | Note
-------+----------+-------------------------------------------
     0 | D:1      | inc the Felid Chaos Knight began the quest for the Orb.
     0 | D:1      | Reached XP level 1. HP: 10/10 MP: 2/2
    32 | D:1      | XOM: smoke on damage
   533 | D:1      | XOM: silly message
   673 | D:1      | XOM: potion effect (might)
   679 | D:1      | Reached XP level 2. HP: 14/14 MP: 3/3
   787 | D:1      | XOM: silly message
  1365 | D:2      | Reached XP level 3. HP: 17/17 MP: 4/4
  1661 | D:2      | XOM is BORED!
  1661 | D:2      | XOM: give mutations
  1661 | D:2      | Gained mutation: You are dopey. (Int -2) [Xom's mischief]
  1661 | D:2      | Gained mutation: You are clumsy. (Dex -2) [Xom's mischief]
  2291 | D:2      | Reached XP level 4. HP: 17/21 MP: 5/5
  2402 | D:2      | Reached skill level 5 in Unarmed Combat
  2510 | D:2      | XOM: summons 3 hostile shadow creatures
  2693 | D:2      | Found a stormy altar of Qazlal.
  3163 | D:2      | You fall into a shaft and drop 2 floors!
  3208 | D:4      | XOM: stat loss: -1 Str (7/8)
  3228 | D:4      | XOM: summons 3 hostile demons
  3229 | D:4      | Noticed an ice devil
  3229 | D:4      | Noticed a smoke demon
  3229 | D:4      | Noticed a smoke demon
  3231 | D:4      | Mangled by an ice devil
  3232 | D:4      | Reached XP level 3. HP: -6/17 MP: 4/4
  3272 | D:4      | Found a bloodstained altar of Trog.
  3318 | D:4      | Noticed a scorpion
  3328 | D:4      | XOM: confusion (+ monsters)
  3336 | D:4      | Killed a scorpion
  3337 | D:4      | Reached XP level 4. HP: 13/21 MP: 5/5
  3443 | D:4      | XOM: noise
  3466 | D:4      | XOM: swap monsters
  3502 | D:3      | Reached XP level 5. HP: 23/24 MP: 6/6
  3613 | D:2      | Found an iron altar of Okawaru.
  3617 | D:2      | Noticed a shapeshifter
  3617 | D:2      | an adder changed into a shapeshifter
  3617 | D:2      | XOM: polymorph adder -> shapeshifter
  3617 | D:2      | Noticed a yak
  3617 | D:2      | a shapeshifter changed into a yak
  3628 | D:2      | XOM: chaos cloud
  3629 | D:2      | Noticed a golden eye
  3635 | D:2      | XOM: blink monster(s)
  3636 | D:2      | Killed a golden eye
  3636 | D:2      | XOM: divine lightning
  3978 | D:3      | XOM: stat loss: -1 Int (12/13)
  3985 | D:3      | XOM: 4-stop teleportation journey
  4349 | D:3      | XOM: cleaving
  4357 | D:3      | XOM: swap monsters
  4771 | D:3      | XOM: confusion
  5130 | D:3      | Gained mutation: You are covered in thick fur. (AC +2)
                  | [Felid growth]
  5130 | D:3      | Reached XP level 6. HP: 21/28 MP: 7/7
  5584 | D:4      | You fall into a shaft and drop 1 floor!
  5584 | D:5      | Entered Level 5 of the Dungeon
  5584 | D:5      | Found a runed translucent door.
  5645 | D:4      | XOM: noise
  5673 | D:4      | XOM: 5-stop teleportation journey
  5677 | D:4      | Learned a level 2 spell: Searing Ray
  5728 | D:4      | XOM: enchant monster (bad)
  6363 | D:4      | XOM: 8-stop teleportation journey
  6409 | D:4      | XOM: confusion (+ monsters)
  6410 | D:4      | Noticed a wyvern
  6410 | D:4      | an ogre changed into a wyvern
  6410 | D:4      | XOM: polymorph ogre -> wyvern
  6414 | D:4      | XOM: confusion
  6415 | D:4      | XOM: swap monsters
  6422 | D:4      | XOM: confuse monster(s)
  6427 | D:4      | XOM: smoke on damage
  6437 | D:4      | Killed a wyvern
  6438 | D:4      | Reached XP level 7. HP: 18/31 MP: 8/8
  6578 | D:4      | XOM: give mutations
  6578 | D:4      | Gained mutation: You are partially covered in molten
                  | scales. (AC +2) [Xom's mischief]
  6578 | D:4      | Gained mutation: You are weak. (Str -2) [Xom's mischief]
  6920 | D:5      | Found a runed translucent door.
  6925 | D:5      | Noticed psellion's ghost (amateur DrIE)
  7135 | D:5      | XOM: god gift: book of Changes
  7237 | D:5      | XOM is BORED!
  7465 | D:5      | Found a broken altar of Ashenzari.
  7557 | D:5      | Found an ancient bone altar of Kikubaaqudgha.
  7611 | D:5      | XOM: polymorph centaur -> boggart
  7836 | D:5      | XOM: summons 1 hostile demon
  8019 | D:5      | XOM: confuse monster(s)
  8021 | D:5      | XOM: summons 3 friendly demons
  8034 | D:5      | XOM: summons 2 hostile shadow creatures
  8045 | D:5      | XOM: noise
  8058 | D:5      | XOM: noise
  8273 | D:6      | Learned a level 3 spell: Spider Form
  8308 | D:6      | Reached skill level 2 in Transmutations
  8353 | D:6      | XOM: enchant monster (good)
  8361 | D:6      | Reached skill level 3 in Transmutations
  8361 | D:6      | Reached XP level 8. HP: 34/34 MP: 9/9
  8382 | D:6      | XOM: summons 4 friendly demons
  8480 | D:6      | XOM: god gift: scroll labelled EHOATER SI MUADILE {god
                  | gift}
  8549 | D:6      | Found a burning altar of Makhleb.
  8597 | D:6      | Reached skill level 4 in Transmutations
  8791 | D:6      | Found a broken altar of Ashenzari.
  8842 | D:6      | Found a shadowy altar of Dithmenos.
  8848 | D:6      | XOM: confusion (+ monsters)
  8855 | D:6      | Reached skill level 5 in Transmutations
  8877 | D:6      | XOM: cloud trail
  9039 | D:6      | Found a white marble altar of Elyvilon.
  9120 | D:6      | Found an ornate altar of the Wu Jian Council.
  9208 | D:7      | XOM: cleaving
  9225 | D:7      | Reached skill level 6 in Transmutations
  9363 | D:6      | XOM: give mutations
  9363 | D:6      | Gained mutation: You are frail. (-10% HP) [Xom's mischief]
  9363 | D:6      | Gained mutation: You possess an exceptional clarity of
                  | mind. [Xom's mischief]
  9363 | D:6      | Gained mutation: You are very clumsy. (Dex -4) [Xom's
                  | mischief]
  9482 | D:7      | Found an opulent altar of Gozag.
  9579 | D:7      | XOM: god gift: 7 stones
  9582 | D:7      | Noticed Harold
  9665 | D:7      | XOM: butterfly on damage
  9670 | D:7      | Reached skill level 7 in Transmutations
  9887 | D:7      | Found a staircase to the Ecumenical Temple.
  9894 | D:7      | XOM: confuse monster(s)
  9905 | D:7      | XOM: enchant monster (good)
 10030 | D:7      | XOM: butterfly on damage
 10092 | D:6      | XOM: give mutations
 10092 | D:6      | Gained mutation: You are strong-willed. (Will+) [Xom's
                  | mischief]
 10092 | D:6      | Lost mutation: You are weak. (Str -2) [Xom's mischief]
 10121 | D:6      | XOM: draining
 10135 | D:6      | Lost mutation: You are very clumsy. (Dex -4) [potion of
                  | mutation]
 10135 | D:6      | Lost mutation: You are frail. (-10% HP) [potion of
                  | mutation]
 10135 | D:6      | Lost mutation: You are strong-willed. (Will+) [potion of
                  | mutation]
 10135 | D:6      | Lost mutation: You are clumsy. (Dex -2) [potion of
                  | mutation]
 10135 | D:6      | Gained mutation: Your muscles are strong. (Str +2) [potion
                  | of mutation]
 10135 | D:6      | Gained mutation: Your muscles are very strong. (Str +4)
                  | [potion of mutation]
 10135 | D:6      | Gained mutation: You do not regenerate when monsters are
                  | visible. [potion of mutation]
 10135 | D:6      | Gained mutation: You have a somewhat thin skeletal
                  | structure. (Dex +2, Stealth) [potion of mutation]
 10389 | D:7      | XOM: polymorph ogre -> sky beast
 10545 | D:7      | XOM: enchant monster (good)
 10553 | D:7      | XOM: scenery: create altars
 10555 | D:7      | Reached skill level 8 in Transmutations
 10667 | D:8      | XOM: god gift: 6 datura-tipped darts
 10672 | D:8      | XOM: 3-stop teleportation journey
 10831 | D:8      | XOM: swap monsters
 10908 | D:9      | Found an ornate altar of the Wu Jian Council.
 11001 | D:9      | Found a flagged portal.
 11021 | Bailey   | Entered a bailey
 11057 | Bailey   | Reached XP level 9. HP: 27/37 MP: 6/10
 11142 | Bailey   | Found a burning altar of Makhleb.
 11142 | Bailey   | Noticed an orc knight
 11143 | Bailey   | Noticed a glowing shapeshifter
 11143 | Bailey   | a hobgoblin changed into a glowing shapeshifter
 11143 | Bailey   | XOM: polymorph hobgoblin -> glowing shapeshifter
 11143 | Bailey   | Noticed a moth of wrath
 11143 | Bailey   | a glowing shapeshifter changed into a moth of wrath
 11144 | Bailey   | Noticed a fire crab
 11144 | Bailey   | a moth of wrath changed into a fire crab
 11147 | Bailey   | XOM: noise
 11148 | Bailey   | XOM: butterfly on damage
 11149 | Bailey   | Noticed a troll
 11149 | Bailey   | a fire crab changed into a troll
 11153 | Bailey   | Noticed a salamander
 11153 | Bailey   | a troll changed into a salamander
 11156 | Bailey   | Mangled by a salamander (glowing shapeshifter)
 11157 | Bailey   | Reached XP level 8. HP: -6/51 MP: 8/9
 11161 | Bailey   | Killed a salamander
 11162 | Bailey   | Reached skill level 9 in Transmutations
 11217 | D:9      | Found a staircase to the Lair.
 11217 | D:9      | XOM: enchant monster (good)
 11217 | D:9      | Noticed an elephant
 11238 | D:9      | Xom revived you
 11242 | D:9      | XOM: fake destruction
 11245 | D:9      | Slain by a wyvern

Illustrated notes

Levels and vault maps discovered:
D:1:      tarquinn_simple_flora_water_c, layout_basic, minmay_statues_item
D:2:      minmay_chambers_of_twos, layout_loops_cross,
          nicolae_qazlal_eye_of_the_storm, okawaru_ov_weapons_minmay,
          serial_aquarium, aquarium_bridge_long_joined
          [aquarium_subvault_bridge, aquarium_subvault_bridge,
          aquarium_subvault_bridge, aquarium_subvault_wall,
          aquarium_subvault_window, aquarium_subvault_window],
          aquarium_window_fake, aquarium_window_fake, aquarium_view_2c,
          aquarium_balcony_1b, aquarium_pool_2
D:3:      layout_basic, guppyfry_early_orc_mine
D:4:      layout_basic, general_overflow_altar
D:5:      layout_basic, lemuel_zombie_altar_kikubaaqudgha,
          ashenzari_conservatory_becter, ebering_ghost_sewer_f,
          lightli_corner_chamber
D:6:      layout_basic, marbit_many_paths, kennysheep_mini_moat,
          nzn_wu_jian_contemplation, lemuel_round_altar, basic_altar
D:7:      layout_basic, grunt_gozag_breadcrumbs, temple_green,
          minmay_misc_feat_doors, lemuel_flame_loot_1, uniq_harold
D:8:      layout_cave_pools, serial_shops, nicolae_shop_waterfront,
          lemuel_oklob_altar
D:9:      layout_rooms, nicolae_overflow_crystal_walls,
          fedhas_bush_and_centaur_altar, david_lair_generic, orc_0_dummy,
          enter_bailey_3, basic_altar, nicolae_lava_and_water

Skill      XL: |  1  2  3  4  5  6  7  8 |
---------------+-------------------------+-----
Unarmed Combat | 4 6 7 |  7.6
Conjurations   | 3 4 |  4.7
Transmutations | 3 9 |  9.8
Fighting       | |  3.0
Dodging        | |  3.2

Action                   |  1- 3 |  4- 6 |  7- 9 || total
-------------------------+-------+-------+-------++-------
Melee: Unarmed           |   132 |   259 |   121 ||   512
       Bite              |     6 |    16 |     8 ||    30
       Punch             |     1 |     4 |     2 ||     7
 Cast: Searing Ray       |       |       |    24 ||    24
       Spider Form       |       |       |     4 ||     4
  Use: Scroll            |     4 |     5 |     8 ||    17
       Potion            |       |     2 |     4 ||     6
 Stab: Sleeping          |     7 |     5 |     3 ||    15
       Confused          |       |     1 |       ||     1
       Paralysed         |       |       |     2 ||     2
Armor: Skin              |     2 |    13 |    12 ||    27
Dodge: Dodged            |    96 |   210 |   241 ||   547

Table legend: (Time is in decaauts)
 A = Elapsed time spent in this place.
 B = Non-inter-level travel time spent in this place.
 C = Inter-level travel time spent in this place.
 D = Time resting spent in this place.
 E = Time spent auto-exploring this place.
 F = Levels seen in this place.
 G = Mean time per level.
                   A        B        C        D        E       F      G
               +--------+--------+--------+--------+--------+-----+--------+
         Total |  10066 |   9683 |    383 |   3486 |   3857 |  10 | 1006.6 |
       Dungeon |   9916 |   9533 |    383 |   3418 |   3857 |   9 | 1101.8 |
        Bailey |    150 |    150 |      0 |     68 |      0 |   1 |  150.0 |
               +--------+--------+--------+--------+--------+-----+--------+

Top non-repeatable levels by time:
     D:2: 1887 daAuts
     D:3: 1597 daAuts
     D:6: 1507 daAuts
     D:1: 1419 daAuts
     D:4: 1258 daAuts
     D:5: 1031 daAuts
     D:7: 814 daAuts
     D:9: 209 daAuts
     D:8: 189 daAuts
  Bailey: 150 daAuts
